[Event "Titled Tuesday Blitz August 1 Early 2023"]
[White "Carrasco Miranda, Andres"]
[Black "Fantastic_Power"]
[WhiteFideId "3405990"]
[WhiteElo "2461"]
[BlackElo "2741"]
[Result "0-1"]
[Round "4"]
[TimeControl "180+1"]
[Date "2023.08.01"]
[WhiteClock "0:00:02"]
[BlackClock "0:00:04"]
[Board "122"]

1. d4 Nf6 2. c4 Nc6 3. Nf3 e6 4. a3 d6 5. g3 g6 6. Bg2 Bg7 7. O-O O-O 8. Nc3 e5 9. dxe5 Nxe5 10. Nxe5 dxe5 11. Qa4 c6 12. Rd1 Qe7 13. h3 Nd7 14. Be3 f5 15. Qb4 Qe8 16. Bg5 Rf7 17. Qa5 h6 18. Qd8 Qxd8 19. Bxd8 e4 20. f4 Nc5 21. Rd6 Be6 22. Rad1 Bxc4 23. Rxg6 Kh7 24. Rgd6 Bb3 25. R1d2 e3 26. R2d4 Bxd4 27. Rxd4 Ne6 28. Rb4 Rxd8 29. Rxb3 Nd4 30. Rb4 c5 31. Rc4 Nb3 32. a4 Rd4 33. Bd5 Rd7 34. Be6 Rxc4 35. Bxc4 Nd4 36. Kg2 a6 37. Bd3 Kg6 38. g4 Kf6 39. Kg3 Rg7 40. Kh4 h5 41. g5+ Kg6 42. Nd5 b5 43. axb5 axb5 44. Nxe3 c4 45. Bb1 Re7 46. Nd5 Rxe2 47. Nf6 Rg2 48. Nxh5 Nf3# 0-1


[Site "https://www.chess.com"]

[Event "Titled Tuesday Blitz August 1 Early 2023"]
[White "Bochnicka, Vladimir"]
[Black "Rastbod, Ali"]
[WhiteFideId "14943450"]
[BlackFideId "12567477"]
[WhiteElo "2456"]
[BlackElo "2657"]
[Result "0-1"]
[Round "4"]
[TimeControl "180+1"]
[Date "2023.08.01"]
[WhiteClock "0:00:16"]
[BlackClock "0:01:32"]
[Board "123"]

1. e4 Nc6 2. Nf3 g6 3. d4 Bg7 4. Be3 d6 5. Qd2 Bg4 6. Be2 e5 7. d5 Bxf3 8. Bxf3 Nd4 9. Bd1 f5 10. c3 f4 11. Bxd4 exd4 12. cxd4 Qf6 13. Nc3 Qxd4 14. Qxf4 Nf6 15. O-O O-O 16. Bc2 a6 17. Rad1 Qb4 18. Qc1 Ng4 19. h3 Nxf2 20. Rxf2 Bd4 21. Rf1 Rxf2 22. Rxf2 Rf8 23. a3 Bxf2+ 24. Kh1 Qd4 25. Bd1 Be3 26. Qc2 Rf1+ 27. Kh2 0-1


[Site "https://www.chess.com"]

[Event "Titled Tuesday Blitz August 1 Early 2023"]
[White "Taboas Rodriguez, Daniel"]
[Black "Gaal, Zsoka"]
[WhiteFideId "2208466"]
[BlackFideId "777765"]
[WhiteElo "2624"]
[BlackElo "2455"]
[Result "0-1"]
[Round "4"]
[TimeControl "180+1"]
[Date "2023.08.01"]
[WhiteClock "0:00:01"]
[BlackClock "0:00:41"]
[Board "124"]

1. d4 Nf6 2. Nf3 c5 3. d5 e6 4. c4 exd5 5. cxd5 d6 6. e4 g6 7. Nc3 Bg7 8. h3 O-O 9. Bd3 Ne8 10. O-O a6 11. a4 Nd7 12. Bg5 f6 13. Bf4 Ne5 14. Be2 f5 15. Bxe5 dxe5 16. d6 Qxd6 17. Bc4+ Kh8 18. Ng5 Qf6 19. Qd2 Nc7 20. Rad1 h6 21. Nf3 Be6 22. Bxe6 Nxe6 23. Nd5 Qf7 24. Rfe1 Nd4 25. Nxd4 cxd4 26. Nb6 Rae8 27. Rc1 Bf6 28. Qd3 Bh4 29. g3 fxe4 30. Qe2 d3 31. Qxe4 Qxf2+ 32. Kh1 d2 33. gxh4 dxe1=Q+ 34. Rxe1 Qxb6 35. Qg4 Qf6 0-1


[Site "https://www.chess.com"]

[Event "Titled Tuesday Blitz August 1 Early 2023"]
[White "Ventura Bolet, Maxim"]
[Black "Guerra Tulcan, Lenin"]
[WhiteFideId "22238824"]
[BlackFideId "3601382"]
[WhiteElo "2448"]
[BlackElo "2616"]
[Result "0-1"]
[Round "4"]
[TimeControl "180+1"]
[Date "2023.08.01"]
[WhiteClock "0:00:07"]
[BlackClock "0:00:17"]
[Board "125"]

1. a3 e5 2. e4 b6 3. Nc3 Bb7 4. Nf3 d6 5. Bc4 Nf6 6. d3 Be7 7. O-O O-O 8. h3 Nbd7 9. Re1 c6 10. Ba2 Re8 11. Bg5 h6 12. Bh4 Bf8 13. Qd2 Qc7 14. Rad1 d5 15. exd5 cxd5 16. Bg3 a6 17. d4 Ne4 18. Nxe4 dxe4 19. Nxe5 Nxe5 20. Bxe5 Qd7 21. c3 Rad8 22. Qe3 Kh7 23. Bb1 f6 24. Bg3 f5 25. h4 Kh8 26. Qf4 Qf7 27. Qe3 Be7 28. Be5 Bf6 29. Bxf6 Qxf6 30. Qf4 Bd5 31. Bc2 g5 32. hxg5 hxg5 33. Qc7 Rc8 34. Qd7 Rcd8 35. Qa7 Re7 36. Qxa6 Kg7 37. c4 Bf7 38. c5 Rxd4 39. Qxb6 Re6 40. Qb7 Rxd1 41. Rxd1 e3 42. fxe3 Qe5 43. Re1 Qxc5 44. Bb3 Re7 45. Qb8 Rxe3 46. Rxe3 Qxe3+ 47. Kh1 Bxb3 48. Qc7+ Bf7 49. a4 g4 50. a5 g3 51. Qc3+ Qxc3 52. bxc3 Bc4 53. Kg1 Kf6 54. Kh1 Ke5 55. Kg1 Kd5 56. Kh1 Kc6 57. Kg1 Kb5 58. Kh1 Kxa5 59. Kg1 Ka4 60. Kh1 Kb3 61. Kg1 Kc2 62. Kh1 Kd2 63. Kg1 Ke2 64. Kh1 Bd5 65. c4 Bc6 66. c5 f4 67. Kg1 f3 68. Kh1 Bd7 69. c6 f2 70. cxd7 f1=Q# 0-1


[Site "https://www.chess.com"]

[Event "Titled Tuesday Blitz August 1 Early 2023"]
[White "Gatterer, Florian"]
[Black "Gireman, Ja"]
[WhiteFideId "811688"]
[BlackFideId "5043794"]
[WhiteElo "2444"]
[BlackElo "2566"]
[Result "0-1"]
[Round "4"]
[TimeControl "180+1"]
[Date "2023.08.01"]
[WhiteClock "0:00:00"]
[BlackClock "0:01:36"]
[Board "126"]

1. c4 Nf6 2. Nf3 g6 3. b3 Bg7 4. Bb2 O-O 5. g3 c5 6. Bg2 Nc6 7. O-O e6 8. d4 Ne4 9. Nbd2 d5 10. Qc1 cxd4 11. cxd5 exd5 12. Rd1 Bh6 13. Qc2 Bf5 14. Nh4 Nxg3 15. Nxf5 Nxf5 16. Nf3 Rc8 17. Qd3 Bg7 18. Bh3 Re8 19. Bxf5 gxf5 20. Kh1 Re4 21. Rg1 Kf8 22. Ng5 h6 23. Nxe4 dxe4 24. Qg3 Qf6 25. e3 f4 26. Qg4 Re8 27. Bxd4 Nxd4 28. exd4 h5 29. Qg5 Qxg5 30. Rxg5 Bxd4 31. Kg2 Bxa1 0-1


[Site "https://www.chess.com"]

[Event "Titled Tuesday Blitz August 1 Early 2023"]
[White "Schlecht, Daniel, Dr."]
[Black "AliNiknaddaf"]
[WhiteFideId "4623959"]
[WhiteElo "2434"]
[BlackElo "2562"]
[Result "1-0"]
[Round "4"]
[TimeControl "180+1"]
[Date "2023.08.01"]
[WhiteClock "0:00:08"]
[BlackClock "0:00:07"]
[Board "127"]

1. c4 e5 2. Nc3 Nf6 3. Nf3 Nc6 4. e4 Bc5 5. Nxe5 Nxe5 6. d4 Bd6 7. c5 Bxc5 8. dxe5 Ng8 9. Qg4 g6 10. Qg3 h6 11. Bc4 b5 12. Bxb5 Rb8 13. O-O Ne7 14. Bc4 Nc6 15. Kh1 Rb4 16. Bb3 Na5 17. Bc2 h5 18. Nd5 h4 19. Qf3 Ba6 20. Nf6+ Kf8 21. Rd1 Rd4 22. Bg5 Qc8 23. Rxd4 Bxd4 24. Qa3+ Kg7 25. Qxa5 h3 26. gxh3 d6 27. Ng4 Rxh3 28. Rg1 Be2 29. Bd1 Bxd1 30. Rxd1 Qxg4 31. Bf6+ Kh7 32. Rxd4 Qf4 33. Kg1 Rxh2 34. Qd2 Rh4 35. Qxf4 Rxf4 36. Kg2 dxe5 37. Bxe5 Rg4+ 38. Kf3 f5 39. exf5 1-0


[Site "https://www.chess.com"]

[Event "Titled Tuesday Blitz August 1 Early 2023"]
[White "Swicarz, Maciej"]
[Black "Mendez Fortes, Eduardo Jesus"]
[WhiteFideId "1113585"]
[BlackFideId "3502376"]
[WhiteElo "2428"]
[BlackElo "2558"]
[Result "0-1"]
[Round "4"]
[TimeControl "180+1"]
[Date "2023.08.01"]
[WhiteClock "0:00:05"]
[BlackClock "0:01:18"]
[Board "128"]

1. c4 e6 2. Nc3 d5 3. d4 Nf6 4. Bg5 Bb4 5. cxd5 exd5 6. e3 h6 7. Bxf6 Qxf6 8. Bd3 O-O 9. Ne2 c6 10. O-O Nd7 11. a3 Ba5 12. b4 Bc7 13. b5 Nb6 14. bxc6 bxc6 15. Na4 Qh4 16. g3 Qh5 17. Nec3 Qh3 18. Qf3 Bg4 19. Qg2 Qh5 20. Rfe1 Bf3 21. Qf1 Nc4 22. Ra2 f5 23. Be2 f4 24. Bxf3 Qxf3 25. exf4 Bxf4 26. Qg2 Qxg2+ 27. Kxg2 Bd6 28. Re6 Rae8 29. Rxe8 Rxe8 30. Nb2 Nxa3 31. Nd3 Rb8 32. Nc1 a5 33. Kf3 Nc4 34. Ke2 Re8+ 35. Kd1 Bb4 36. N3e2 a4 37. Nd3 Bd6 38. Rxa4 Rf8 39. Ra6 Rc8 40. Nef4 g5 41. Ne6 Kf7 42. Nec5 Kf6 43. Ra7 Bxc5 44. Nxc5 Kf5 45. f3 g4 46. f4 Nd6 47. Rd7 Ne4 48. Rf7+ Kg6 49. Rb7 Nxc5 50. dxc5 Kf5 51. Re7 Rb8 52. Rc7 Ke4 53. Rxc6 d4 54. Rxh6 Kd3 55. Kc1 Kc3 56. c6 d3 57. c7 d2+ 58. Kd1 Rb1+ 59. Ke2 d1=Q+ 0-1


[Site "https://www.chess.com"]

[Event "Titled Tuesday Blitz August 1 Early 2023"]
[White "Pandey Srishti"]
[Black "Golubev, Mikhail"]
[WhiteFideId "35093290"]
[BlackFideId "14100983"]
[WhiteElo "2427"]
[BlackElo "2542"]
[Result "1/2-1/2"]
[Round "4"]
[TimeControl "180+1"]
[Date "2023.08.01"]
[WhiteClock "0:01:07"]
[BlackClock "0:00:07"]
[Board "129"]

1. e4 c5 2. Nf3 d6 3. d4 cxd4 4. Nxd4 Nf6 5. Nc3 g6 6. f3 Bg7 7. Be3 O-O 8. Qd2 Nc6 9. O-O-O d5 10. exd5 Nxd5 11. Nxc6 bxc6 12. Bd4 e5 13. Bc5 Be6 14. h4 Rb8 15. Bc4 e4 16. Bxd5 cxd5 17. Bd4 Bxd4 18. Qxd4 exf3 19. gxf3 Qb6 20. Qxb6 Rxb6 21. Nxd5 Bxd5 22. Rxd5 Re8 23. h5 Rf6 24. Rh3 Kg7 25. h6+ Kf8 26. Rd7 a6 27. Kd2 Re5 28. c4 a5 29. b3 g5 30. Rg3 Rxh6 31. Rd8+ Ke7 32. Rg8 Rh2+ 33. Kd3 h6 34. Kd4 Re6 35. c5 Rxa2 36. f4 gxf4 37. Rf3 Rd2+ 38. Kc4 Re4+ 39. Kb5 Re3 40. Rgg3 Rxf3 41. Rxf3 Rd4 42. Kxa5 Ke6 43. b4 Kd5 44. Rh3 Kc4 45. c6 Rd5+ 46. Ka6 Kxb4 47. c7 Rc5 48. Kb7 Kc4 49. Rxh6 Rxc7+ 50. Kxc7 Kd4 51. Rf6 Ke3 52. Kd6 f3 53. Rxf7 f2 54. Ke5 Ke2 55. Ke4 f1=Q 56. Rxf1 Kxf1 1/2-1/2


[Site "https://www.chess.com"]

[Event "Titled Tuesday Blitz August 1 Early 2023"]
[White "Bouget, Alexandre"]
[Black "ATM622"]
[WhiteFideId "681318"]
[WhiteElo "2413"]
[BlackElo "2539"]
[Result "1-0"]
[Round "4"]
[TimeControl "180+1"]
[Date "2023.08.01"]
[WhiteClock "0:01:19"]
[BlackClock "0:00:24"]
[Board "130"]

1. d4 Nf6 2. c4 e6 3. Nc3 Bb4 4. a3 Bxc3+ 5. bxc3 O-O 6. f3 d5 7. cxd5 exd5 8. e3 Re8 9. Bd3 c5 10. Ne2 c4 11. Bc2 Nc6 12. O-O b5 13. Ng3 Qa5 14. Bd2 Bd7 15. e4 dxe4 16. fxe4 Rad8 17. Rxf6 gxf6 18. Nh5 Kh8 19. Nxf6 Rg8 20. Qh5 Rg7 21. e5 Nxd4 22. Bxh7 Bg4 23. Qh4 Nf3+ 24. gxf3 Bh3+ 25. Bg6+ Rh7 26. Qxh7# 1-0


[Site "https://www.chess.com"]

[Event "Titled Tuesday Blitz August 1 Early 2023"]
[White "Rodriguez Fontecha, Marcos"]
[Black "Aggelis, Nikolaos"]
[WhiteFideId "2256576"]
[BlackFideId "4213220"]
[WhiteElo "2405"]
[BlackElo "2535"]
[Result "0-1"]
[Round "4"]
[TimeControl "180+1"]
[Date "2023.08.01"]
[WhiteClock "0:00:00"]
[BlackClock "0:00:34"]
[Board "131"]

1. e4 c6 2. d4 d5 3. Nc3 dxe4 4. Nxe4 Nf6 5. Nxf6+ exf6 6. c3 Bd6 7. Bd3 O-O 8. Qc2 h5 9. Ne2 Qc7 10. Be3 Re8 11. O-O-O Nd7 12. Ng3 Bf4 13. Rde1 Bxe3+ 14. fxe3 h4 15. Nf5 Nf8 16. Nxh4 a5 17. Kb1 a4 18. g4 a3 19. b3 c5 20. Nf5 Bd7 21. h4 b5 22. c4 bxc4 23. Bxc4 Rac8 24. g5 cxd4 25. gxf6 Bxf5 26. Qxf5 g6 27. Qg5 Qe5 28. Qh6 Qf5+ 29. Ka1 Qxf6 30. Ref1 Qg7 31. Qxg7+ Kxg7 32. Rxf7+ Kh6 33. exd4 Nh7 34. h5 gxh5 35. Kb1 Rf8 36. Re7 Rce8 37. Rhe1 Rxe7 38. Rxe7 h4 39. Be6 Ng5 40. Bd7 Rf1+ 41. Kc2 Rf2+ 42. Kc3 Rxa2 43. Re8 Ra1 44. Rh8+ Kg7 0-1


[Site "https://www.chess.com"]

[Event "Titled Tuesday Blitz August 1 Early 2023"]
[White "Thecourseoisildur"]
[Black "kripri"]
[WhiteElo "2534"]
[BlackElo "2379"]
[Result "1-0"]
[Round "4"]
[TimeControl "180+1"]
[Date "2023.08.01"]
[WhiteClock "0:01:38"]
[BlackClock "0:00:05"]
[Board "132"]

1. d4 d5 2. c4 e6 3. Nf3 Nf6 4. g3 Be7 5. Bg2 O-O 6. O-O dxc4 7. Qc2 a6 8. a4 Bd7 9. Qxc4 Bc6 10. Bg5 Nbd7 11. Rd1 Bd5 12. Qc2 Be4 13. Qc1 h6 14. Bxf6 Nxf6 15. Nc3 Bg6 16. Ne5 c6 17. Nxg6 fxg6 18. Qe3 Qd6 19. Bh3 Kf7 20. Ne4 Nxe4 21. Qxe4 Bf6 22. Ra3 Qd5 23. Qc2 Rfd8 24. Rf3 e5 25. e4 Qd6 26. Qb3+ Kf8 27. d5 c5 28. Be6 Rab8 29. Qe3 b5 30. Rxf6+ gxf6 31. Qxh6+ Ke8 32. Qxg6+ 1-0


[Site "https://www.chess.com"]

[Event "Titled Tuesday Blitz August 1 Early 2023"]
[White "Adury, Anant"]
[Black "Toropov, Pavel"]
[WhiteFideId "30964687"]
[BlackFideId "24129178"]
[WhiteElo "2366"]
[BlackElo "2532"]
[Result "0-1"]
[Round "4"]
[TimeControl "180+1"]
[Date "2023.08.01"]
[WhiteClock "0:00:01"]
[BlackClock "0:00:22"]
[Board "133"]

1. Nf3 d5 2. g3 Nf6 3. Bg2 c5 4. O-O e6 5. d3 b5 6. Nbd2 Be7 7. e4 Bb7 8. e5 Nfd7 9. Re1 Nc6 10. Nf1 Qc7 11. Qe2 O-O 12. h4 Rfc8 13. h5 h6 14. N1h2 a5 15. Ng4 Qd8 16. Bf4 Ra6 17. Qd2 Bf8 18. Bh3 b4 19. Nh4 Rb6 20. Bxh6 gxh6 21. Nxh6+ Bxh6 22. Qxh6 Qf8 23. Qf4 Qg7 24. h6 Qh7 25. Nf5 Rf8 26. Nd6 Ncxe5 27. Rxe5 Nxe5 28. Qxe5 Qxh6 29. Kg2 Qg7 30. Qxg7+ Kxg7 31. Nxb7 Rxb7 32. f4 c4 33. d4 a4 34. Kf3 b3 35. cxb3 axb3 36. a3 c3 37. bxc3 b2 38. Rb1 Ra8 39. Ke3 Rxa3 40. Kd3 Ra1 41. Kc2 Rxb1 42. Kxb1 Kf6 43. g4 Rb3 0-1


[Site "https://www.chess.com"]

[Event "Titled Tuesday Blitz August 1 Early 2023"]
[White "Slavin, Alexey"]
[Black "Ibadov, Dashgyn"]
[WhiteFideId "24104388"]
[BlackFideId "24107514"]
[WhiteElo "2363"]
[BlackElo "2528"]
[Result "0-1"]
[Round "4"]
[TimeControl "180+1"]
[Date "2023.08.01"]
[WhiteClock "0:00:11"]
[BlackClock "0:00:28"]
[Board "134"]

1. e4 e6 2. Nf3 d5 3. e5 c5 4. b4 d4 5. bxc5 Bxc5 6. Bc4 Ne7 7. O-O Nbc6 8. Re1 O-O 9. d3 Na5 10. Bb3 Nxb3 11. axb3 b6 12. Bb2 Bb7 13. Nbd2 a5 14. Ne4 Qd5 15. Ba3 Bxa3 16. Rxa3 Nf5 17. Qa1 Rac8 18. Re2 Rc7 19. Ra4 Rfc8 20. Nxd4 Qxe5 21. Nxf5 Qxf5 22. Rc4 Rxc4 23. bxc4 Bxe4 24. Rxe4 Qc5 25. g3 g6 26. Re5 Qc6 27. Rb5 Ra8 28. Qb2 a4 29. Rxb6 a3 30. Qd4 Qxb6 31. Qxb6 a2 0-1


[Site "https://www.chess.com"]

[Event "Titled Tuesday Blitz August 1 Early 2023"]
[White "Vyatkin, Dmitry"]
[Black "Gardezi, Arsal"]
[WhiteFideId "4171900"]
[BlackFideId "30949521"]
[WhiteElo "2526"]
[BlackElo "2271"]
[Result "0-1"]
[Round "4"]
[TimeControl "180+1"]
[Date "2023.08.01"]
[WhiteClock "0:00:39"]
[BlackClock "0:00:45"]
[Board "135"]

1. d4 Nf6 2. c4 e6 3. g3 d5 4. Nf3 b6 5. Bg2 Bb7 6. Ne5 Nbd7 7. Qa4 Qc8 8. O-O c5 9. Bg5 Be7 10. Nc3 cxd4 11. Nb5 O-O 12. Bxf6 Nxf6 13. Nxd4 Bc5 14. Ndc6 Nd7 15. Nxa7 Nxe5 0-1


[Site "https://www.chess.com"]

[Event "Titled Tuesday Blitz August 1 Early 2023"]
[White "Andreassen, Lars"]
[Black "Jaskolka, Tomasz"]
[WhiteFideId "1504878"]
[BlackFideId "1170791"]
[WhiteElo "2267"]
[BlackElo "2521"]
[Result "0-1"]
[Round "4"]
[TimeControl "180+1"]
[Date "2023.08.01"]
[WhiteClock "0:00:05"]
[BlackClock "0:00:03"]
[Board "136"]

1. d4 d5 2. c4 e5 3. dxe5 d4 4. a3 Nc6 5. Nf3 a5 6. Bg5 Be7 7. h4 h6 8. Bf4 Bg4 9. Nbd2 f6 10. g3 d3 11. exd3 fxe5 12. Be3 Nf6 13. Be2 O-O 14. O-O Bf5 15. Nb1 Ng4 16. Nc3 Nxe3 17. fxe3 e4 18. dxe4 Be6 19. Nd5 Bc5 20. Qd2 Qd6 21. Kg2 Rae8 22. Bd3 Ne5 23. Nxe5 Qxe5 24. Rxf8+ Rxf8 25. Qe2 Bd6 26. Nf4 g5 27. hxg5 hxg5 28. Nh5 Bf7 29. Rf1 Bxh5 30. Rxf8+ Kxf8 31. Qxh5 Qxg3+ 32. Kf1 Qxe3 33. Qh6+ Ke7 34. Qh7+ Kd8 35. Qg8+ Kd7 36. Qf7+ Kc6 37. Qd5+ Kb6 38. Qb5+ Ka7 39. Qxa5+ Kb8 40. Qc3 Bc5 41. Qc2 g4 42. e5 g3 43. Be4 Qg1+ 44. Ke2 Qf2+ 45. Kd1 Qd4+ 46. Kc1 Qxe5 47. Kb1 Qd4 48. Ka2 c6 49. b3 Bd6 50. Qg2 Be5 51. Qh1 g2 52. Qxg2 Qa1# 0-1


[Site "https://www.chess.com"]

[Event "Titled Tuesday Blitz August 1 Early 2023"]
[White "NigelDwarf"]
[Black "Fudalej, Michal"]
[BlackFideId "1118781"]
[WhiteElo "2520"]
[BlackElo "2247"]
[Result "1-0"]
[Round "4"]
[TimeControl "180+1"]
[Date "2023.08.01"]
[WhiteClock "0:00:05"]
[BlackClock "0:00:04"]
[Board "137"]

1. Nf3 g6 2. d4 Bg7 3. c4 Nf6 4. Nc3 d6 5. e4 O-O 6. h3 e5 7. d5 a5 8. Be3 Na6 9. g4 Nc5 10. Nd2 Kh8 11. Be2 Ng8 12. a3 f5 13. b4 axb4 14. axb4 Rxa1 15. Qxa1 Na6 16. gxf5 gxf5 17. exf5 Nxb4 18. Qb2 Na6 19. Nde4 b6 20. Rg1 Bxf5 21. Ng5 Nc5 22. Qd2 Qf6 23. Bg4 Bg6 24. Bxc5 bxc5 25. Ne6 Ra8 26. Ke2 Bh6 27. Qb2 Ne7 28. Qb7 Ra3 29. Qb8+ Ng8 30. Qb2 Ra4 31. Nxa4 Be4 32. Nc3 Bg6 33. Qb5 Ne7 34. Qb8+ Ng8 35. Qxc7 e4 36. Nd1 Qf4 37. Ne3 Qe5 38. Qd7 Qb2+ 39. Kf1 Bxe3 40. fxe3 Qc1+ 41. Kg2 Qd2+ 42. Kh1 Qxe3 43. Qg7# 1-0


[Site "https://www.chess.com"]

[Event "Titled Tuesday Blitz August 1 Early 2023"]
[White "ChesscularGodofchess"]
[Black "Di Nicolantonio, Lucas"]
[BlackFideId "680460"]
[WhiteElo "2227"]
[BlackElo "2515"]
[Result "0-1"]
[Round "4"]
[TimeControl "180+1"]
[Date "2023.08.01"]
[WhiteClock "0:00:04"]
[BlackClock "0:00:52"]
[Board "138"]

1. d4 Nf6 2. Nf3 e6 3. Nbd2 b6 4. e4 Bb7 5. Bd3 d6 6. O-O Nbd7 7. Qe2 Be7 8. Rd1 h6 9. Nf1 O-O 10. h3 c5 11. c3 Qc7 12. g4 Rfe8 13. Ng3 Nh7 14. h4 Ndf8 15. g5 hxg5 16. hxg5 Ng6 17. Kh2 Rac8 18. Rh1 cxd4 19. cxd4 Nhf8 20. Bd2 Qd7 21. Kg1 Qa4 22. b3 Qa3 23. Nh4 Qb2 24. Rd1 Qxd4 25. Qh5 Qxd3 26. Nxg6 fxg6 27. Qh8+ Kf7 28. Bc1 Qxd1+ 29. Kg2 Qg4 30. Bb2 Bxe4+ 31. Kh2 e5 32. Nxe4 Qxe4 33. Rg1 Qf4+ 34. Rg3 Rc2 35. Bxe5 Rxf2+ 36. Kh3 dxe5 37. Qh4 Rh2+ 38. Kxh2 Qxh4+ 39. Kg2 Bxg5 0-1


[Site "https://www.chess.com"]

[Event "Titled Tuesday Blitz August 1 Early 2023"]
[White "Skiadopoulos, Nikolaos"]
[Black "feuervogel1000000"]
[WhiteFideId "4200772"]
[WhiteElo "1849"]
[BlackElo "2513"]
[Result "0-1"]
[Round "4"]
[TimeControl "180+1"]
[Date "2023.08.01"]
[WhiteClock "0:00:00"]
[BlackClock "0:02:04"]
[Board "139"]

1. e4 c5 2. Nf3 d6 3. c3 Nf6 4. Be2 g6 5. O-O Bg7 6. d3 O-O 7. Bg5 Nc6 8. h3 b5 9. Qc1 Rb8 10. Bh6 b4 11. Bxg7 Kxg7 12. Nbd2 a5 13. Nc4 Ba6 14. e5 dxe5 15. Ncxe5 Nxe5 16. Nxe5 Qd6 17. f4 Nd5 18. c4 Nc7 19. Bf3 Ne6 20. b3 Nd4 21. Bd1 Bb7 22. Qe3 Rbd8 23. a3 e6 24. axb4 axb4 25. Ra7 Qb6 26. Rxb7 Qxb7 27. Nf3 Qc7 28. Nxd4 Rxd4 29. g3 Rfd8 30. Be2 Qd6 31. Kg2 Ra8 0-1


[Site "https://www.chess.com"]

[Event "Titled Tuesday Blitz August 1 Early 2023"]
[White "Ionescu, Mihai"]
[Black "Kramnik, Vladimir"]
[WhiteFideId "1202499"]
[BlackFideId "4101588"]
[WhiteElo "2415"]
[BlackElo "2967"]
[Result "0-1"]
[Round "4"]
[TimeControl "180+1"]
[Date "2023.08.01"]
[WhiteClock "0:00:41"]
[BlackClock "0:01:39"]
[Board "140"]

1. Nf3 Nf6 2. c4 c5 3. b3 Nc6 4. Bb2 d5 5. cxd5 Nxd5 6. g3 f6 7. Bg2 e5 8. d3 Be7 9. O-O O-O 10. a3 Be6 11. Nfd2 Qd7 12. Nc3 Nxc3 13. Bxc3 Rfd8 14. Nc4 Rac8 15. Rc1 Nd4 16. Bxd4 exd4 17. Nd2 b5 18. Qc2 Bf8 19. Qb2 a5 20. Rc2 Qa7 21. Rfc1 a4 22. bxa4 Qxa4 23. Rb1 c4 24. dxc4 bxc4 25. Qa2 Bf7 26. Qa1 Qxc2 0-1


[Site "https://www.chess.com"]

[Event "Titled Tuesday Blitz August 1 Early 2023"]
[White "Harshavardhan G B"]
[Black "Dobre, Claudiu-Cristian"]
[WhiteFideId "25059009"]
[BlackFideId "1211854"]
[WhiteElo "2859"]
[BlackElo "2412"]
[Result "1-0"]
[Round "4"]
[TimeControl "180+1"]
[Date "2023.08.01"]
[WhiteClock "0:00:11"]
[BlackClock "0:00:00"]
[Board "141"]

1. Nf3 d5 2. c4 c6 3. d4 Nf6 4. Nc3 e6 5. Bg5 Nbd7 6. e3 Qa5 7. cxd5 exd5 8. Bd3 Bb4 9. O-O O-O 10. Ne5 Bxc3 11. bxc3 Nxe5 12. dxe5 Ne4 13. Qh5 Qxc3 14. Bxe4 dxe4 15. Be7 Re8 16. Bd6 Qc4 17. Qh4 Bf5 18. Rad1 Qe6 19. Qf4 Rad8 20. a4 b6 21. h3 Rd7 22. g4 Bg6 23. h4 h5 24. gxh5 Bxh5 25. Rd4 Qg4+ 26. Qxg4 Bxg4 27. Rxe4 Be6 28. f4 Bh3 29. Rf2 Rxd6 30. Rc4 Rg6+ 31. Kh2 Bf5 32. e4 Bc8 33. a5 c5 34. axb6 axb6 35. Rcc2 Rg4 36. Rb2 Rxh4+ 37. Kg3 Rh3+ 38. Kg2 Rh6 39. Kf3 Bb7 40. Rfd2 f6 41. Rd7 Ba8 42. Rxb6 fxe5 43. Rxh6 gxh6 44. f5 Kf8 45. Rc7 Rb8 46. Rxc5 Rb3+ 47. Kg4 Bxe4 48. Rxe5 Rb4 49. Kh5 Kg7 50. Ra5 Bd3 51. Ra2 Rb7 52. Rf2 Rf7 53. f6+ Kh7 54. Rf4 Be2+ 55. Kh4 Kg6 56. Rf2 Bd3 57. Rg2+ Kxf6 58. Kh5 Bf5 59. Rb2 Be6 60. Kxh6 Bf5 61. Rb6+ Be6 62. Rb2 Rf8 63. Rb7 Rh8+ 64. Rh7 Rb8 65. Ra7 Bd5 66. Ra6+ Be6 67. Ra7 Rb4 68. Ra5 Rd4 69. Rb5 Bd7 70. Rb6+ 1-0


[Site "https://www.chess.com"]

[Event "Titled Tuesday Blitz August 1 Early 2023"]
[White "Kaczur, Florian"]
[Black "Tsyhanchuk, Stanislav"]
[WhiteFideId "705098"]
[BlackFideId "13505130"]
[WhiteElo "2759"]
[BlackElo "2411"]
[Result "1-0"]
[Round "4"]
[TimeControl "180+1"]
[Date "2023.08.01"]
[WhiteClock "0:01:05"]
[BlackClock "0:00:01"]
[Board "142"]

1. d3 d5 2. Nd2 e5 3. Ndf3 Bd6 4. c4 c6 5. Qa4 Bd7 6. Qb3 Qb6 7. e4 Qxb3 8. axb3 Ne7 9. Ne2 Na6 10. Nc3 Nb4 11. Kd1 d4 12. Na2 f6 13. Nxb4 Bxb4 14. Ne1 c5 15. Nc2 Nc6 16. g3 Ke7 17. f4 Rhg8 18. Be2 exf4 19. Bxf4 g5 20. Nxb4 Nxb4 21. Bd2 Nc6 22. h4 gxh4 23. Rxh4 Rg7 24. Bf4 a5 25. Kd2 f5 26. e5 Rh8 27. Rah1 b6 28. Rh6 Be6 29. Bf3 Nd8 30. Bd5 Kf7 31. Rf6+ Ke7 32. Rhh6 Bxd5 33. cxd5 Nf7 34. Re6+ Kd7 35. Rxb6 Nxh6 36. Rb7+ Ke8 37. Rxg7 Ng4 38. Ra7 Rf8 39. e6 Rf6 40. Bg5 Rg6 41. Ra8# 1-0


[Site "https://www.chess.com"]

[Event "Titled Tuesday Blitz August 1 Early 2023"]
[White "FuenfgegenWilly"]
[Black "Vakhlamov, Igor L."]
[BlackFideId "24126748"]
[WhiteElo "2410"]
[BlackElo "2719"]
[Result "0-1"]
[Round "4"]
[TimeControl "180+1"]
[Date "2023.08.01"]
[WhiteClock "0:00:58"]
[BlackClock "0:01:03"]
[Board "143"]

1. e4 c5 2. Nc3 e6 3. g3 Nc6 4. Bg2 Nf6 5. Nge2 d5 6. exd5 exd5 7. Nf4 d4 8. Ncd5 Nxd5 9. Nxd5 Bd6 10. O-O O-O 11. d3 Bf5 12. Qf3 Qd7 13. h3 Bxh3 14. Bxh3 Qxh3 15. Bf4 Bxf4 16. Nxf4 Qf5 17. Rfe1 Rae8 18. Kg2 g6 19. Rh1 h5 20. Rh4 Re7 21. Rah1 Rfe8 22. g4 Qg5 23. Qg3 Ne5 24. gxh5 Qxg3+ 25. fxg3 g5 26. R4h3 gxf4 27. gxf4 Ng4 28. Rg3 f5 29. Kh3 Kg7 30. Kh4 Kf6 31. c3 Rh8 32. Kh3 Rxh5+ 0-1


[Site "https://www.chess.com"]

[Event "Titled Tuesday Blitz August 1 Early 2023"]
[White "Federzoni, Enzo"]
[Black "Csonka, Balazs"]
[WhiteFideId "2173301"]
[BlackFideId "742910"]
[WhiteElo "2409"]
[BlackElo "2717"]
[Result "0-1"]
[Round "4"]
[TimeControl "180+1"]
[Date "2023.08.01"]
[WhiteClock "0:01:48"]
[BlackClock "0:01:12"]
[Board "144"]

1. e4 c5 2. Nf3 e6 3. c3 d5 4. exd5 Qxd5 5. d4 Nf6 6. Be2 Nc6 7. c4 Qd8 8. dxc5 Qxd1+ 9. Bxd1 Bxc5 10. O-O e5 11. Ba4 O-O 12. Bxc6 bxc6 13. Nxe5 Re8 14. Nd3 Bd4 15. Na3 Bf5 16. Nb4 Bc5 17. Na6 Bxa3 18. bxa3 Bd3 19. Rd1 Be2 20. Re1 Bxc4 0-1


[Site "https://www.chess.com"]

[Event "Titled Tuesday Blitz August 1 Early 2023"]
[White "nickVet"]
[Black "Krzywda, Andrzej"]
[BlackFideId "1114565"]
[WhiteElo "2695"]
[BlackElo "2408"]
[Result "1-0"]
[Round "4"]
[TimeControl "180+1"]
[Date "2023.08.01"]
[WhiteClock "0:01:01"]
[BlackClock "0:00:00"]
[Board "145"]

1. e4 e5 2. Nf3 Nf6 3. Nxe5 d6 4. Nf3 Nxe4 5. d4 d5 6. Bd3 Be7 7. O-O Bf5 8. Re1 O-O 9. c4 Nc6 10. cxd5 Qxd5 11. Bxe4 Bxe4 12. Nc3 Bxf3 13. Nxd5 Bxd1 14. Nxe7+ Nxe7 15. Rxe7 Rfe8 16. Rxe8+ Rxe8 17. Be3 Bg4 18. d5 Rd8 19. Rc1 Rxd5 20. f3 Be6 21. Rxc7 Rb5 22. b3 a5 23. h4 h6 24. g4 a4 25. bxa4 Rb1+ 26. Bc1 Bxa2 27. Kf2 Bd5 28. a5 Rb3 29. Be3 Rb2+ 30. Kg3 Rb3 31. Rc8+ Kh7 32. Re8 Ra3 33. Re5 Rxa5 34. h5 Rb5 35. Bd4 Bc6 36. Re3 Rd5 37. Ba1 Rd7 38. f4 f6 39. Kh4 Kg8 40. g5 hxg5+ 41. fxg5 fxg5+ 42. Kxg5 Rd5+ 43. Be5 Kf7 44. Kf4 Rb5 45. Rg3 Rb4+ 46. Kg5 Rb5 47. Kf5 Bd7+ 48. Ke4 Bc6+ 49. Kd4 Rd5+ 50. Ke4 Rd1+ 51. Ke3 Re1+ 52. Kf4 Re4+ 53. Kf5 Rh4 54. Rxg7+ Kf8 55. Kg5 1-0


[Site "https://www.chess.com"]